 Dungeon Crawl Stone Soup version 0.29-a0-925-g0a7a3d12f8 (webtiles) character file.

Game seed: 8099281877874746644

4027 wilfster70 the Carver (level 10, -3/91 HPs)
             Began as a Demonspawn Berserker on July 30, 2022.
             Was a Priest of Trog.
             Slain by a wolf (9 damage)
             ... led by Grum
             ... on level 8 of the Dungeon.
             The game lasted 00:15:59 (8935 turns).

wilfster70 the Carver (Demonspawn Berserker)        Turns: 8935, Time: 00:15:59

Health: -3/91      AC: 12    Str: 22    XL:     10   Next: 4%
Magic:  10/10      EV: 10    Int:  9    God:    Trog [***...]
Gold:   320        SH:  4    Dex: 12    Spells: 9/9 levels left

rFire   + . .      SeeInvis .   a - +1 falchion (flame)
rCold   . . .      Faith    .   (no shield)
rNeg    . . .      Spirit   .   p - +0 plate armour of Conwex {rF+}
rPois   +          Reflect  .   (no helmet)
rElec   .          Harm     .   (no cloak)
rCorr   .          Rampage  .   l - +0 pair of gloves
Will    ++...                   A - +0 pair of boots
Stlth   ..........              (no amulet)
HPRegen 1.25/turn               k - ring of poison resistance
MPRegen 0.12/turn               m - +4 ring of evasion

@: strong-willed, on berserk cooldown, regenerating, slowed, very slow
A: foul stench 1, demonic touch 2, large bone plates 1, robust 1
a: Renounce Religion, Berserk, Trog's Hand


You were on level 8 of the Dungeon.
You worshipped Trog.
Trog was most pleased with you.
You visited 1 branch of the dungeon, and saw 8 of its levels.

You collected 320 gold pieces.

Inventory:

Hand Weapons
 a - a +1 falchion of flaming (weapon)
 h - a +0 sling
Missiles
 b - 5 javelins (quivered)
 f - 5 atropa-tipped darts
 q - 7 poisoned darts
 y - a curare-tipped dart
Armour
 i - a +0 chain mail
 l - a +0 pair of gloves (worn)
 p - the +0 plate armour of Conwex (worn) {rF+}
   (You found it on level 7 of the Dungeon)

   rF:        It protects you from fire.
 A - a +0 pair of boots (worn)
Jewellery
 k - a ring of poison resistance (left hand)
 m - a +4 ring of evasion (right hand)
 u - a ring of protection from cold
Wands
 j - a wand of iceblast (10)
Scrolls
 c - 3 scrolls of enchant weapon
 e - a scroll of magic mapping
 n - a scroll of teleportation {unknown}
 C - 2 scrolls of fog
Potions
 d - 2 potions of curing
 g - 2 potions of berserk rage
 t - 2 potions of lignification {unknown}
 v - 2 potions of mutation
 w - a potion of resistance {unknown}
 x - a potion of ambrosia {unknown}
 z - a potion of might {unknown}
 B - a potion of attraction {unknown}
 E - a potion of cancellation {unknown}


   Skills:
 + Level 9.0 Fighting
 * Level 11.2 Long Blades
 - Level 1.7 Armour
 - Level 1.7 Dodging


You had 9 spell levels left.
You didn't know any spells.
Your spell library was empty.

Dungeon Overview and Level Annotations

Branches:
Dungeon (8/15)             Temple (0/1) D:5            Lair (0/5) D:8

Altars:
Nemelex Xobeh
Qazlal
Wu Jian

Annotations:
D:8 Grum


Innate Abilities, Weirdness & Mutations

You may rarely emit foul miasma when damaged in melee.
Your touch may inflict irresistible damage on your foes.
You are partially covered in large bone plates. (SH +4)
You are robust. (+10% HP)


Message History

* * * LOW HITPOINT WARNING * * *
Things that are here:
a +0 short sword; 3 boomerangs; an orc corpse Your skin crawls.
You feel strong-willed. The orc wizard completely misses you.
The orc hits you with a +0 hand axe.
* * * LOW HITPOINT WARNING * * *
You block the orc warrior's attack. The wolf bites you but does no damage.
You slash the orc! You burn the orc.
You kill the orc!
Trog accepts your kill. You block the wolf's attack.
The orc wizard hits you but does no damage.
A gnoll sergeant comes into view. It is wielding a +1 vorpal spear.
The orc warrior hits you with a +0 short sword.
* * * LOW HITPOINT WARNING * * *
The wolf bites you!
* * * LOW HITPOINT WARNING * * *
You emit a cloud of foul miasma!
You feel much better.
The wolf is engulfed in dark miasma.
The wolf is poisoned.
The wolf completely misses you.
The orc wizard hits you but does no damage.
The orc warrior hits you with a +0 short sword.
The wolf is engulfed in dark miasma.
The wolf looks even sicker.
The wolf closely misses you. The orc wizard barely misses you.
The gnoll sergeant throws a stone.
The stone hits you.
* * * LOW HITPOINT WARNING * * *
The orc warrior hits you with a +0 short sword!
* * * LOW HITPOINT WARNING * * *
The wolf is engulfed in dark miasma.
The wolf looks even sicker.
The wolf bites you.
* * * LOW HITPOINT WARNING * * *
The orc warrior attacks as you move away!
The orc warrior hits you with a +0 short sword!
* * * LOW HITPOINT WARNING * * *
The orc wizard attacks as you move away!
The orc wizard closely misses you.
The wolf is engulfed in dark miasma.
The wolf looks as sick as possible!
The gnoll sergeant throws a stone.
The stone hits you but does no damage. The wolf bites you!
You die...

,****,,,,,,*##...##..#,*,,** **,*
,*>,*,,,,,,* #..##..#****,,***,**
,*,,+,,,,,,* #..#..#**,***,,*,**,
,****,,$.,,* #..#.##*,,,***,*,*,,
,,,,,,,....###.ho#.#,,*,,*,*+,*,,
,,,,,,,P....[^oo#.##*,,,***,*,*,,
,,,,,,,...####§o#oo##*,*,*,,*,**,
,,,,,,,,,,* #.h##oh####*,,***,**
,,,,,,,,,** #.o@##oh#.#,,**,**,*
***,,,,*** #....##.g#,,**,,,**,
****** *##....###'#**,,*,,**
*,...........,,***,,,
*.#.....g......,*,,,,
#........[.......,***
#,...#.....#....#**
*..##.#.###.##...,*
**,**,⌠,##*,8,*#..,***


You could see an orc warrior, a gnoll sergeant, a wolf (extremely poisoned), a
howler monkey, 2 orc wizards and an orc.

Vanquished Creatures
  Erica (D:8)
  Prince Ribbit (D:4)
  2 steam dragons (D:6)
  Duvessa (D:6)
  3 water moccasins
  2 orc warriors (D:6)
  2 ice beasts
  A black bear (D:6)
  A sky beast (D:7)
  2 phantoms
  2 wolves (D:8)
  2 kobold brigands
  A bullfrog (D:7)
  A necrophage (D:6)
  A scorpion (D:6)
  Dowan (D:6)
  8 killer bees
  5 howler monkeys
  A crimson imp (D:6)
  4 hounds
  2 jellies
  7 orc priests
  2 iguanas
  Natasha (thrice) (D:4)
  5 orc wizards
  3 gnolls (D:5)
  3 adders
  3 white imps (D:6)
  2 worms (D:2)
  4 dart slugs
  28 orcs
  5 ball pythons
  3 endoplasms
  2 giant cockroaches
  12 goblins
  13 hobgoblins
  11 kobolds
  5 quokkas
  8 bats
  4 frilled lizards
  4 rats
171 creatures vanquished.

Vanquished Creatures (others)
  An orc (D:8)
  A plant (D:1)
  4 toadstools (D:1)
6 creatures vanquished.

Grand Total: 177 creatures vanquished

Notes
Turn   | Place    | Note
-------+----------+-------------------------------------------
     0 | D:1      | wilfster70 the Demonspawn Berserker began the quest for the
                  | Orb.
     0 | D:1      | Reached XP level 1. HP: 18/18 MP: 1/1
   146 | D:1      | Reached skill level 3 in Long Blades
   342 | D:1      | Gained mutation: Your touch may inflict minor irresistible
                  | damage on your foes. [demonic ancestry]
   342 | D:1      | Reached XP level 2. HP: 21/24 MP: 2/2
   836 | D:1      | Found a faded altar of an unknown god.
  1461 | D:2      | Gained mutation: You may rarely emit foul miasma when
                  | damaged in melee. [demonic ancestry]
  1461 | D:2      | Reached XP level 3. HP: 25/29 MP: 3/3
  2135 | D:2      | Found an ornate altar of the Wu Jian Council.
  2512 | D:3      | Found a stormy altar of Qazlal.
  2553 | D:3      | Reached ** piety under Trog
  2554 | D:3      | Reached skill level 4 in Long Blades
  2557 | D:3      | Reached XP level 4. HP: 20/37 MP: 4/4
  3595 | D:3      | Reached XP level 5. HP: 38/42 MP: 5/5
  3824 | D:4      | Reached skill level 5 in Long Blades
  3833 | D:4      | Reached XP level 6. HP: 31/49 MP: 6/6
  4120 | D:4      | Noticed Natasha
  4134 | D:4      | Killed Natasha
  4192 | D:4      | Noticed Natasha
  4198 | D:4      | Killed Natasha
  4313 | D:4      | Noticed Natasha
  4326 | D:4      | Killed Natasha
  4450 | D:4      | Reached skill level 5 in Fighting
  4450 | D:4      | Reached skill level 6 in Long Blades
  4934 | D:5      | Entered Level 5 of the Dungeon
  5012 | D:5      | Reached XP level 7. HP: 56/56 MP: 7/7
  5226 | D:5      | Noticed Prince Ribbit
  5374 | D:4      | Killed Prince Ribbit
  5375 | D:4      | Reached skill level 7 in Long Blades
  5757 | D:5      | Found a staircase to the Ecumenical Temple.
  5802 | D:5      | Found a sparkling altar of Nemelex Xobeh.
  6064 | D:6      | Reached XP level 8. HP: 64/64 MP: 8/8
  6189 | D:6      | Reached skill level 8 in Long Blades
  6213 | D:6      | Gained mutation: You are partially covered in large bone
                  | plates. (SH +4) [potion of mutation]
  6213 | D:6      | Gained mutation: You are robust. (+10% HP) [potion of
                  | mutation]
  6433 | D:6      | Noticed Dowan
  6435 | D:6      | Noticed Duvessa
  6450 | D:6      | Killed Duvessa
  6470 | D:6      | Killed Dowan
  6712 | D:6      | Reached skill level 9 in Long Blades
  7137 | D:7      | Gained mutation: Your touch may inflict irresistible damage
                  | on your foes. [demonic ancestry]
  7137 | D:7      | Reached XP level 9. HP: 79/79 MP: 9/9
  7258 | D:7      | Identified the +0 plate armour of Conwex {rF+}
  7912 | D:7      | Reached skill level 10 in Long Blades
  8460 | D:7      | Reached *** piety under Trog
  8892 | D:8      | Noticed Erica
  8911 | D:8      | Noticed Grum
  8924 | D:8      | Killed Erica
  8925 | D:8      | Reached skill level 11 in Long Blades
  8925 | D:8      | Reached XP level 10. HP: 20/91 MP: 10/10
  8933 | D:8      | HP: 3/91 [wolf[Grum] (8)]
  8935 | D:8      | Slain by a wolf

Illustrated notes

Levels and vault maps discovered:
D:1:      ldierk_walled_garden_2, layout_basic,
          shapermc_ecumenical_altar_mp_vishouse, minmay_tromino_v7
D:2:      layout_basic, basic_altar, minmay_misc_feat_cross, minivault_14,
          interstate_on_off, minmay_stone_trees_medium
D:3:      layout_loops_corners, nicolae_qazlal_scattered_showers
D:4:      layout_basic, minmay_misc_feat_chi, uniq_natasha
D:5:      layout_cave_pools, nicolae_overflow_hidden_temple, temple_statues,
          serial_park_tiny_2, chequers_serial_rivers_large_a,
          uniq_prince_ribbit1
D:6:      layout_rooms, serial_corexii_hall, corexii_hall_statues_l,
          chequers_hall_statues_wall_a, chequers_hall_statues_y,
          chequers_hall_statues_wall_a, minmay_fire_ice_demons, uniq_duvessa
D:7:      layout_basic
D:8:      minmay_the_grid_octo_2x2 [minmay_the_grid_octo_fat_diamond,
          minmay_the_grid_octo_teeth, minmay_the_grid_octo_checkerflower,
          minmay_the_grid_octo_prize_big_c], layout_basic,
          mainiacjoe_overflow_divided_tiny, grunt_lair_entry_orc_guard_hut,
          nicolae_ossuary_entry_giza, grunt_decor_mini_mirrors, uniq_pikel,
          uniq_joseph, uniq_grum, uniq_erica

Skill      XL: |  1  2  3  4  5  6  7  8  9 |
---------------+----------------------------+-----
Long Blades    | 3 4 5 6 7 9 11 | 11.2
Fighting       | 4 5 6 7 9 |  9.0
Armour         | |  1.7
Dodging        | |  1.7

Action                   |  1- 3 |  4- 6 |  7- 9 | 10-12 || total
-------------------------+-------+-------+-------+-------++-------
Melee: Falchion          |   106 |   137 |   295 |     2 ||   540
       Touch             |     9 |    23 |    45 |       ||    77
       Punch             |     1 |     1 |     1 |       ||     3
Invok: Berserk           |     2 |     4 |    11 |       ||    17
       Trog's Hand       |       |     1 |     4 |     1 ||     6
  Use: Scroll            |     1 |     1 |    11 |       ||    13
       Potion            |       |       |     3 |     1 ||     4
 Stab: Sleeping          |     1 |       |       |       ||     1
Armor: Animal skin       |     4 |       |       |       ||     4
       Chain mail        |    51 |    74 |    89 |       ||   214
       Plate armour      |       |       |    60 |     7 ||    67
Dodge: Dodged            |    62 |   100 |   172 |     8 ||   342
Block: Other             |       |       |    33 |     2 ||    35

Table legend: (Time is in decaauts)
 A = Elapsed time spent in this place.
 B = Non-inter-level travel time spent in this place.
 C = Inter-level travel time spent in this place.
 D = Time resting spent in this place.
 E = Time spent auto-exploring this place.
 F = Levels seen in this place.
 G = Mean time per level.
                   A        B        C        D        E       F      G
               +--------+--------+--------+--------+--------+-----+--------+
         Total |   9085 |   8787 |    298 |   2639 |   4144 |   8 | 1135.6 |
       Dungeon |   9085 |   8787 |    298 |   2639 |   4144 |   8 | 1135.6 |
               +--------+--------+--------+--------+--------+-----+--------+

Top non-repeatable levels by time:
     D:6: 1694 daAuts
     D:3: 1488 daAuts
     D:4: 1462 daAuts
     D:2: 1277 daAuts
     D:1: 1237 daAuts
     D:7: 1037 daAuts
     D:5: 828 daAuts
     D:8: 59 daAuts
